 Seeded DCSS version 0.30.0-15-g856e2d3f33 (webtiles) character file.

Game seed: 5 (custom seed)

2288 Kazon the Chopper (level 9, -1/73 (75) HPs)
             Began as a White Draconian Monk on May 19, 2023.
             Was an Elder of Okawaru.
             Slain by a two-headed ogre
             ... wielding a +0 giant spiked club
              (10 damage)
             ... on level 7 of the Dungeon.
             The game lasted 00:24:39 (4255 turns).

Kazon the Chopper (White Draconian Monk)            Turns: 4255, Time: 00:24:40

HP:   -1/73 (75)    AC:  8    Str: 18    XL:     9   Next: 17%
MP:   0/21          EV: 15    Int: 11    God:    Okawaru [****..]
Gold: 310           SH:  0    Dex: 19    Spells: 8/8 levels left

rFire   . . .        v - +0 hand axe (vamp)
rCold   + . .        c - orb {light}
rNeg    . . .        (body armour unavailable)
rPois   .            (helmet restricted)
rElec   .            (no cloak)
rCorr   .            I - +0 pair of gloves
SInv    .            (no boots)
Will    .....        k - amulet of guardian spirit
Stlth   +            r - ring of magical power
HPRegen 0.32/turn    w - +6 ring of dexterity
MPRegen 0.17/turn

%: guardian spirit
@: short of breath, glowing, lightly drained
A: breathe frost, AC +7, unfitting armour, cold resistance 1, cold-blooded
a: Breathe Frost, Renounce Religion, Heroism, Finesse


You were on level 7 of the Dungeon.
You worshipped Okawaru.
Okawaru was greatly pleased with you.
You visited 2 branches of the dungeon, and saw 8 of its levels.

You collected 310 gold pieces.

Inventory:

Hand Weapons
 a - a +0 hand axe
 f - a +0 hand axe of flaming
 s - a +2 vampiric dagger
 v - a +0 vampiric hand axe (weapon)
 x - a +0 executioner's axe of electrocution
Missiles
 d - 24 stones
 i - 4 boomerangs (quivered)
 q - 7 poisoned darts
Armour
 c - an orb of light (worn)
 h - a +0 tower shield
 I - a +0 pair of gloves (worn)
Jewellery
 k - an amulet of guardian spirit (around neck)
 r - a ring of magical power (left hand)
 w - a +6 ring of dexterity (right hand)
Wands
 D - a wand of paralysis (8)
Scrolls
 e - a scroll of fog {unknown}
 l - 2 scrolls of teleportation {unknown}
 m - 2 scrolls of magic mapping {unknown}
 n - 2 scrolls of identify {unknown}
 o - a scroll of summoning {unknown}
 p - a scroll of blinking {unknown}
 y - a scroll of torment {unknown}
 E - a scroll of amnesia {unknown}
 F - a scroll of poison {unknown}
 G - a scroll of enchant armour {unknown}
 J - a scroll of fear {unknown}
Potions
 b - a potion of ambrosia
 g - a potion of resistance {unknown}
 j - 3 potions of curing {unknown}
 t - 4 potions of flight {unknown}
 u - a potion of berserk rage {unknown}
 z - a potion of invisibility
 A - a potion of attraction {unknown}
 B - a potion of lignification {unknown}
 C - a potion of magic {unknown}
 H - 2 potions of heal wounds {unknown}


   Skills:
 + Level 5.9 Fighting
 + Level 7.7 Axes
 + Level 2.1 Throwing
 + Level 5.0 Dodging
 + Level 1.6 Stealth
 * Level 2.0 Shields
 * Level 5.2 Invocations
 * Level 3.5 Evocations


You had 8 spell levels left.
You didn't know any spells.
Your spell library contained the following spells:

 Spells                   Type           Power      Damage    Failure   Level
 Frozen Ramparts          Ice            0%         1d1       71%         3
 Ignite Poison            Fire/Tmut/Pois 0%         N/A       71%         3
 Ice Form                 Ice/Tmut       0%         N/A       98%         4
 Sticky Flame             Conj/Fire      0%         2d3       98%         4
 Eringya's Noxious Bog    Tmut/Pois      0%         N/A       100%        6
 Ignition                 Fire           0%         3d3       100%        8
 Summon Ice Beast         Ice/Summ       Unusable   N/A       N/A         4
 Summon Forest            Summ/Tloc      Unusable   N/A       N/A         5
 Summon Hydra             Summ           Unusable   N/A       N/A         7

Dungeon Overview and Level Annotations

Branches:
Dungeon (7/15)             Temple (1/1) D:4

Altars:
Dithmenos
Fedhas
Gozag
Hepliaklqana
Okawaru
Qazlal
Trog
Uskayaw
Wu Jian
Xom
The Shining One


Innate Abilities, Weirdness & Mutations

You can breathe waves of freezing cold which knock back foes.
Your icy white scales are hard. (AC +7)
You cannot fit into any form of body armour.
Your flesh is cold resistant. (rC+)
You are cold-blooded and may be slowed by cold attacks.


Message History

The boomerang barely misses the two-headed ogre.
Throw: 4 boomerangs
Press: ? - help, Q - select action, (/) - cycle Shift-Dir - straight line, f/p - two-headed ogre
Aim: a two-headed ogre, wielding a +0 giant spiked club and a +0 giant club (heavily wounded, haloed, 94% to hit)
You throw a boomerang.
The boomerang hits the two-headed ogre but does no damage.
The two-headed ogre is heavily wounded.
Throw: 4 boomerangs
Press: ? - help, Q - select action, (/) - cycle Shift-Dir - straight line, f/p - two-headed ogre
Aim: a two-headed ogre, wielding a +0 giant spiked club and a +0 giant club (heavily wounded, haloed, 94% to hit)
You throw a boomerang. The boomerang hits the two-headed ogre.
The two-headed ogre is heavily wounded.
You hit the two-headed ogre.
You tail-slap the two-headed ogre, but do no damage.
The two-headed ogre is heavily wounded.
The two-headed ogre hits you with a +0 giant spiked club!
The two-headed ogre closely misses you.
You hit the two-headed ogre.
You feel better.
You tail-slap the two-headed ogre, but do no damage.
The two-headed ogre is heavily wounded.
You hit the two-headed ogre.
The two-headed ogre is severely wounded.
The two-headed ogre hits you with a +0 giant spiked club!!
The two-headed ogre hits you with a +0 giant club!
You hit the two-headed ogre but do no damage.
The two-headed ogre is severely wounded.
The two-headed ogre completely misses you.
The two-headed ogre hits you but does no damage.
You hit the two-headed ogre.
The two-headed ogre is severely wounded.
You hit the two-headed ogre. You tail-slap the two-headed ogre.
The two-headed ogre is almost dead.
The two-headed ogre hits you with a +0 giant spiked club!
The two-headed ogre closely misses you.
You slash the two-headed ogre!
The two-headed ogre is almost dead.
The two-headed ogre hits you with a +0 giant spiked club!!
* * * LOW HITPOINT WARNING * * *
The two-headed ogre hits you with a +0 giant club!
You die...

#.# # #.# #.# # #.# #.# #
#.# #.# # #.# #.#########
##.#### #..........
..................
#O#.####.######### ##@#.#
#.# # ##....# #.# #
#.....# #.# # #.....# #.#
# #..<..# #...# #
#....###.#.#.## #
#....##.##.##.######
#....)........†.....
#######..).##.##.##.######


You could see a two-headed ogre.

Vanquished Creatures
  Sigmund (D:4)
  Duvessa (D:6)
  A water moccasin (D:6)
  2 black bears (D:4)
  2 centaurs
  2 ogres
  A kobold brigand (D:7)
  2 scorpions
  4 wights (D:7)
  4 killer bees (D:7)
  Dowan (D:6)
  A howler monkey (D:6)
  5 hounds
  3 orc priests (D:6)
  A jelly (D:5)
  6 iguanas
  3 orc wizards (D:6)
  4 gnolls (D:5)
  9 adders
  2 ufetubi
  3 worms
  15 orcs
  4 bats
  9 endoplasms
  A giant cockroach (D:1)
  12 goblins
  7 hobgoblins
  11 jackals
  10 kobolds
  3 quokkas (D:4)
  6 ball pythons
  3 frilled lizards
  4 rats
143 creatures vanquished.

Vanquished Creatures (others)
  An orc wizard (D:6)
1 creature vanquished.

Grand Total: 144 creatures vanquished

Notes
Turn   | Place    | Note
-------+----------+-------------------------------------------
     0 | D:1      | Kazon the Draconian Monk began the quest for the Orb.
     0 | D:1      | Reached XP level 1. HP: 19/19 MP: 1/1
    42 | D:1      | Identified a scroll of acquirement
    42 | D:1      | Acquired a +0 executioner's axe of electrocution
    69 | D:1      | Reached XP level 2. HP: 26/26 MP: 2/2
   601 | D:1      | Reached XP level 3. HP: 33/33 MP: 3/3
  1102 | D:2      | Reached XP level 4. HP: 40/40 MP: 4/4
  1205 | D:2      | Reached skill level 4 in Axes
  1628 | D:3      | Found a blossoming altar of Fedhas.
  1779 | D:3      | Identified the +2 sling "Qeuhanocyt" {speed, rElec Str-3
                  | Dex+2}
  1796 | D:3      | Found a faded altar of an unknown god.
  1853 | D:3      | Found a stormy altar of Qazlal.
  2022 | D:4      | Found a staircase to the Ecumenical Temple.
  2030 | Temple   | Entered the Ecumenical Temple
  2044 | Temple   | Became a worshipper of Warmaster Okawaru
  2044 | Temple   | Reached * piety under Okawaru
  2044 | Temple   | Reached ** piety under Okawaru
  2310 | D:4      | Reached XP level 5. HP: 46/46 MP: 5/5
  2468 | D:4      | You fall into a shaft and drop 1 floor!
  2468 | D:5      | Entered Level 5 of the Dungeon
  2515 | D:5      | Reached skill level 1 in Invocations
  2569 | D:5      | Noticed an ogre
  2571 | D:5      | Reached XP level 6. HP: 29/53 MP: 7/7
  2576 | D:5      | Reached skill level 5 in Axes
  2697 | D:4      | Noticed Sigmund
  2721 | D:4      | Killed Sigmund
  2722 | D:4      | Your scales start taking on an icy white colour.
  2722 | D:4      | Reached XP level 7. HP: 37/60 MP: 9/9
  2722 | D:4      | Gained mutation: Your flesh is cold resistant. (rC+) [White
                  | Draconian growth]
  2768 | D:4      | Reached skill level 5 in Fighting
  2895 | D:4      | Reached *** piety under Okawaru
  2896 | D:4      | Reached skill level 6 in Axes
  2900 | D:4      | Found a hazy altar of Hepliaklqana.
  2905 | D:4      | Found a shadowy altar of Dithmenos.
  2906 | D:4      | Noticed a shadow
  2977 | D:4      | Reached skill level 1 in Stealth
  3155 | D:5      | Reached skill level 1 in Evocations
  3337 | D:6      | Noticed Dowan
  3340 | D:6      | Noticed Duvessa
  3350 | D:6      | Killed Dowan
  3353 | D:6      | Killed Duvessa
  3354 | D:6      | Reached XP level 8. HP: 35/69 MP: 8/11
  3414 | D:6      | Reached skill level 1 in Throwing
  3673 | D:6      | Reached skill level 7 in Axes
  3679 | D:6      | Found a shimmering altar of Xom.
  3729 | D:6      | Reached **** piety under Okawaru
  4094 | D:7      | Reached skill level 1 in Shields
  4098 | D:7      | Reached skill level 5 in Invocations
  4154 | D:7      | Reached XP level 9. HP: 43/75 MP: 12/12
  4165 | D:7      | Reached skill level 5 in Dodging
  4242 | D:7      | Noticed a two-headed ogre
  4255 | D:7      | Slain by a two-headed ogre

Illustrated notes

Levels and vault maps discovered:
D:1:      ebering_trefoil_3fold, layout_basic, st_stairs_14, serial_bayou_ford_a
D:2:      layout_basic, hangedman_decor_growths, minmay_close_crescents
D:3:      layout_rooms, mainiacjoe_overflow_concentric_impassable,
          mainiacjoe_overflow_paths, shapermc_ecumenical_altar_acropolis,
          chequers_serial_rivers_micro_b
D:4:      layout_basic, riverfiend_overflow_shadow_ancestor,
          minmay_temple_entry_glass, uniq_sigmund
D:5:      layout_gridville
D:6:      layout_basic, xom_teletrap_fun, uniq_duvessa
D:7:      layout_loops_ring, enter_ossuary_3, roderic_batcave
Temple:   nicolae_temple_elliptical

Skill      XL: |  1  2  3  4  5  6  7  8  9 |
---------------+----------------------------+-----
Dodging        | 3 4 5 |  5.0
Fighting       | 4 5 |  5.9
Axes           | 4 5 6 7 |  7.7
Invocations    | 2 3 4 5 |  5.2
Stealth        | 1 |  1.6
Evocations     | 1 2 3 |  3.5
Throwing       | 2 |  2.1
Shields        | 1 2 |  2.0

Action                     |  1- 3 |  4- 6 |  7- 9 || total
---------------------------+-------+-------+-------++-------
  Melee: Hand axe          |   102 |   104 |   108 ||   314
         Tailslap          |    16 |    21 |    32 ||    69
         Executioner's axe |       |    45 |    90 ||   135
  Throw: Stone             |       |    12 |    18 ||    30
         Boomerang         |       |       |    37 ||    37
         Dart              |       |       |     6 ||     6
 Invoke: Heroism           |       |     1 |     3 ||     4
Ability: Breathe Frost     |       |       |    20 ||    20
    Use: Scroll            |     1 |     1 |       ||     2
   Stab: Sleeping          |       |       |     3 ||     3
 Armour: Skin              |    26 |    33 |    60 ||   119
  Dodge: Dodged            |    62 |   115 |   197 ||   374
